 Dungeon Crawl Stone Soup version 0.18.1-48-g4cf74bf (webtiles) character file.

94 Gargoyl the Skirmisher (level 4, -2/54 HPs)
             Began as a Demonspawn Abyssal Knight on Aug 22, 2016.
             Was a Believer of Lugonu.
             Killed by divine providence
             ... invoked by an orc priest
              (15 damage)
             ... on level 4 of the Dungeon.
             The game lasted 00:05:45 (2970 turns).

Gargoyl the Skirmisher (Demonspawn Abyssal Knight)  Turns: 2970, Time: 00:05:46

Health: -2/54      AC: 22    Str: 14    XL:     4   Next: 38%
Magic:  5/5        EV:  2    Int: 13    God:    Lugonu [**....]
Gold:   225        SH:  7    Dex: 12    Spells: 0 memorised, 3 levels left

rFire  . . .     SeeInvis .     a - +2 hand axe
rCold  + . .     Gourm    .     (armour currently unavailable)
rNeg   + + +     Faith    .     e - +0 shield
rPois  +         Spirit   .     (helmet currently unavailable)
rElec  .         Dismiss  .     (cloak currently unavailable)
rCorr  .         Reflect  .     (gloves currently unavailable)
SustAt .         Harm     .     (boots currently unavailable)
MR     .....     NoTele   +     (no amulet)
Stlth  +.........               (no ring)
                                s - ring of protection from cold

@: tree-form, not resistant to hostile enchantments, very unstealthy
A: (cold resistance 0)
a: Depart the Abyss, Bend Space, Renounce Religion


You were on level 4 of the Dungeon.
You worshipped Lugonu.
Lugonu was pleased with you.
You were very hungry.
You were a tree.
You visited 1 branch of the dungeon, and saw 4 of its levels.
You visited the Abyss 1 time.

You collected 225 gold pieces.

Inventory:

Hand Weapons
 a - a +2 hand axe (weapon)
Armour
 e - a +0 shield (worn)
 m - the +0 mask of the Dragon (melded) {MR+ Slay+3 SInv}
   (You found it on level 4 of the Dungeon)

   It affects your accuracy and damage with ranged weapons and melee attacks
   (+3).
   It affects your resistance to hostile enchantments.
   It lets you see invisible.
 p - a +0 plate armour (melded)
Jewellery
 s - a ring of protection from cold (left branch)
Scrolls
 g - a scroll of teleportation
 h - 2 scrolls of identify
Potions
 b - a potion of lignification
 i - a potion of agility {unknown}
 j - a potion of resistance {unknown}
 k - a potion of flight
 l - a potion of mutation {unknown}
 n - a potion of berserk rage {unknown}
 q - a potion of heal wounds {unknown}
Comestibles
 c - 5 bread rations
 d - 3 beef jerkies
 f - 4 meat rations


   Skills:
 + Level 3.6 Fighting
 + Level 2.2 Axes
 * Level 3.0 Armour
 + Level 1.4 Dodging
 + Level 0.8 Shields
 + Level 2.5 Invocations


You had 3 spell levels left.
You didn't know any spells.

Dungeon Overview and Level Annotations

Branches:
Dungeon (4/15)
 Temple: D:4-7

Altars:
Ashenzari
Makhleb
Okawaru


Innate Abilities, Weirdness & Mutations

((Your flesh is cold resistant.))


Message History

You block the orc's attack.
The orc wizard hits you but does no damage.
Drink which item? (? for menu, Esc to quit)
It was a potion of lignification.
You turn into a tree.
The +0 mask of the Dragon {MR+ Slay+3 SInv} melds into your body.
Your +0 plate armour melds into your body.
Your roots penetrate the ground.
The orc wizard gestures at you while chanting.
The puff of flame hits you!
* * * LOW HITPOINT WARNING * * *
You block the orc's attack.
You hit the orc.
The orc is heavily wounded.
You barely miss the orc wizard.
The orc wizard is lightly wounded.
The orc wizard hits you but does no damage. x2
The orc hits you but does no damage.
The orc priest mumbles some strange prayers to Beogh against you.
Beogh smites you!
You die...

....####......♣.♣.♣.♣..
.## #####...♣.♣.♣...
#..).♣.♣....
#####.#...♣...#
...............
.#####.....###.
...#####.....#
#......o######
#######♣oo.# ###...#
.#.# . .. #. .. .# # .


You could see an orc priest, an orc wizard and an orc.

Vanquished Creatures
  2 adders (D:3)
  An ooze (D:1)
  A worm (D:2)
  2 giant geckos
  3 orcs
  4 bats
  3 giant cockroaches
  A goblin (D:3)
  6 hobgoblins
  12 jackals
  7 kobolds
  3 quokkas
  7 giant newts
  9 rats
61 creatures vanquished.

Notes
Turn   | Place    | Note
--------------------------------------------------------------
     0 | Abyss:1  | Gargoyl the Demonspawn Abyssal Knight began the quest for the Orb.
     0 | Abyss:1  | Reached XP level 1. HP: 18/18 MP: 2/2
    75 | Abyss:1  | Noticed a small abomination
    90 | Abyss:1  | Noticed a sun demon
   105 | D:1      | Escaped the Abyss
   122 | D:1      | Reached skill level 1 in Dodging
   279 | D:1      | Gained mutation: Your flesh is cold resistant. [demonic ancestry]
   279 | D:1      | Reached XP level 2. HP: 21/24 MP: 3/3
   515 | D:1      | Reached * piety under Lugonu
  1188 | D:2      | Reached XP level 3. HP: 25/29 MP: 4/4
  1910 | D:3      | Found a shattered altar of Ashenzari.
  2176 | D:3      | Reached XP level 4. HP: 7/36 MP: 5/5
  2621 | D:3      | Reached ** piety under Lugonu
  2788 | D:3      | Noticed a phantom
  2893 | D:3      | Found a burning altar of Makhleb.
  2938 | D:4      | Found an iron altar of Okawaru.
  2970 | D:4      | Killed from afar by an orc priest

Skill      XL: |  1  2  3  4 |
---------------+-------------+-----
Dodging        | 1 |  1.4
Axes           | 2 |  2.2
Armour         | 2 3 |  3.0
Fighting       | |  3.6
Shields        | |  0.8
Invocations    | |  2.5

Action                   |  1- 3 |  4- 6 || total
-------------------------+-------+-------++-------
Melee: Hand axe          |   149 |    65 ||   214
Invok: Depart the Abyss  |     1 |       ||     1
  Use: Scroll            |       |     8 ||     8
       Potion            |       |     4 ||     4
  Eat: Chunk             |     4 |     2 ||     6
Armor: Leather armour    |    10 |       ||    10
       Ring mail         |    25 |       ||    25
       Plate armour      |    73 |    42 ||   115
       Skin              |       |     2 ||     2
Dodge: Dodged            |    35 |     4 ||    39
Block: Shield            |    68 |    32 ||   100
